 Dungeon Crawl Stone Soup version 0.28.0-53-g5a82cb258f (webtiles) character file.

Game seed: 5065188836569944288

33530 mcbry74 the Warrior (level 13, -9/210 HPs)
             Began as a Minotaur Fighter on June 26, 2022.
             Was a High Priest of Okawaru.
             Mangled by an elephant (13 damage)
             ... on level 6 of the Lair of Beasts.
             The game lasted 01:04:09 (18133 turns).

mcbry74 the Warrior (Minotaur Fighter)             Turns: 18133, Time: 01:04:13

Health: -9/210     AC: 26    Str: 29    XL:     13   Next: 37%
Magic:  13/16      EV:  2    Int:  7    God:    Okawaru [*****.]
Gold:   685        SH:  4    Dex: 11    Spells: 12/12 levels left

rFire   + + .      SeeInvis .   J - +7 war axe of Grandeur {chaos, rF+ rCorr}
rCold   x . .      Faith    .   Q - +0 buckler {reflect}
rNeg    . . .      Spirit   .   (armour currently unavailable)
rPois   +          Reflect  +   (helmet currently unavailable)
rElec   .          Harm     .   (cloak currently unavailable)
rCorr   +          Rampage  .   (gloves currently unavailable)
Will    .....      NoTele   +   (boots currently unavailable)
Stlth   +.........              (no amulet)
HPRegen 0.45/turn               o - +6 ring of strength
MPRegen 0.15/turn               q - ring of fire

@: brilliant, tree-form, finesse-ful, mesmerised, very slow
A: stationary, stasis, torment immunity, boosted hp, (horns 2), (retaliatory
headbutt), (fire resistance 1), robust 1
a: Renounce Religion, Heroism, Finesse, Duel


You were on level 6 of the Lair of Beasts.
You worshipped Okawaru.
Okawaru was extremely pleased with you.
You were a tree.
You visited 3 branches of the dungeon, and saw 17 of its levels.

You collected 685 gold pieces.

Inventory:

Hand Weapons
 J - the +7 war axe of Grandeur (weapon) {chaos, rF+ rCorr}
   (You subdued it on level 5 of the Lair of Beasts)

   Each time it hits an enemy it has a different, random effect.
   rF:        It protects you from fire.
   rCorr:     It protects you from acid and corrosion.
 L - a +2 flail of draining
 M - the +1 whip "Xenurgha" {antimagic, rN+}
   (You took it off a gnoll on level 8 of the Dungeon)

   It reduces the magical energy of the wielder, and disrupts the spells and
   magical abilities of those it strikes.
   Natural abilities and divine invocations are not affected.
   rN:        It protects you from negative energy.
Missiles
 E - 2 silver javelins
 G - 28 poisoned darts
 I - 2 datura-tipped darts
 K - a throwing net
 R - 4 boomerangs (quivered)
 V - a curare-tipped dart
Armour
 i - a +1 pair of boots (melded)
 r - a +0 cloak (melded)
 F - a +2 ring mail of fire resistance (melded)
 Q - a +0 buckler of reflection (worn)
 T - the +0 pair of gloves "Xibezxy" (melded) {Regen+ Int+2 Dex+5}
   (You found it on level 4 of the Lair of Beasts)

   Int:       It affects your intelligence (+2).
   Dex:       It affects your dexterity (+5).
   Regen:     It increases your rate of health regeneration.
Jewellery
 h - a +4 ring of evasion
 l - a +6 ring of dexterity
 m - a +6 ring of strength
 o - a +6 ring of strength (left branch)
 p - a ring of see invisible
 q - a ring of fire (right branch)
 N - a ring of protection from cold
 U - a ring of poison resistance
Wands
 a - a wand of flame (29)
 c - a wand of acid (4)
 P - a wand of digging (6)
 X - a wand of iceblast (11)
 Y - a wand of polymorph (6)
Scrolls
 b - a scroll of immolation
 d - 2 scrolls of magic mapping
 e - 3 scrolls of fog
 n - 2 scrolls of summoning
 s - 5 scrolls of teleportation
 u - a scroll of holy word
 W - a scroll of fear {unknown}
Potions
 k - a potion of resistance {unknown}
 v - 9 potions of curing
 z - a potion of haste
 C - 2 potions of flight
 D - 2 potions of might
 H - a potion of brilliance
 S - a potion of lignification
Miscellaneous
 f - a piece from Xom's chessboard (15/15)


   Skills:
 - Level 15.8 Fighting
 * Level 9.7(13.2) Axes
 - Level 14.2(15.4) Maces & Flails
 + Level 13.0 Armour
 + Level 8.3 Dodging
 - Level 3.6 Shields
 + Level 6.2 Invocations
 + Level 5.6 Evocations


You had 12 spell levels left.
You didn't know any spells.
Your spell library contained the following spells:

 Spells                   Type           Power      Damage    Failure   Level
 Pain                     Necr           0%         1d4       52%         1
 Blink                    Tloc           0%         N/A       67%         2
 Sublimation of Blood     Necr           0%         N/A       67%         2
 Lesser Beckoning         Tloc           0%         N/A       88%         3
 Vampiric Draining        Necr           0%         2d6       88%         3
 Airstrike                Air            0%         N/A       99%         4
 Leda's Liquefaction      Hex/Erth       0%         N/A       99%         4
 Passage of Golubria      Tloc           0%         N/A       99%         4
 Petrify                  Tmut/Erth      0%         N/A       99%         4
 Irradiate                Conj/Tmut      0%         3d14      100%        5
 Lee's Rapid Deconstruct  Erth           0%         3d5*      100%        5
 Lightning Bolt           Conj/Air       0%         1d11      100%        5
 Manifold Assault         Tloc           0%         N/A       100%        5
 Silence                  Hex/Air        0%         N/A       100%        5
 Statue Form              Tmut/Erth      0%         N/A       100%        6
 Lehudib's Crystal Spear  Conj/Erth      0%         10d2      100%        8
 Animate Skeleton         Necr           Unusable   N/A       N/A         1
 Summon Lightning Spire   Summ/Air       Unusable   N/A       N/A         4

Dungeon Overview and Level Annotations

Branches:
Dungeon (10/15)            Temple (1/1) D:6            Lair (6/6) D:8
  Swamp (0/4) Lair:3        Snake (0/4) Lair:3        Slime (0/5) Lair:5
    Orc: D:9-12

Altars:
Cheibriados
Elyvilon
Fedhas
Gozag
Kikubaaqudgha
Nemelex Xobeh
Okawaru
Qazlal
Sif Muna
Trog
Vehumet
Xom
Yredelemnul
Zin
The Shining One

Annotations:
Lair:4 2 transporters


Innate Abilities, Weirdness & Mutations

You are a tree.
Your roots penetrate the ground, keeping you stationary.
You cannot be teleported.
You are immune to unholy pain and torment.
Your maximum health is greatly increased.
Your equipment is partially melded.
((You have a pair of horns on your head.))
((You reflexively headbutt those who attack you in melee.))
((Your flesh is heat resistant. (rF+)))
You are robust. (+10% HP)


Message History

An elephant comes into view.
The merfolk avatar chants its luring song.
You hit the hornet but do no damage. Lightning courses through the hornet!
The hornet is moderately wounded.
You hit the harpy.
You feel better. The harpy barely misses you.
The harpy claws you but does no damage.
A komodo dragon comes into view.
The hornet barely misses you.
You barely miss the hornet.
The hornet is moderately wounded.
You slash the harpy! You freeze the harpy.
You hear an angry hiss.
The harpy misses you. You furiously retaliate!
You headbutt the harpy. The harpy barely misses you.
You slice the hornet!! Lightning courses through the hornet!
You kill the hornet!
Okawaru accepts your kill.
You hit the harpy. You freeze the harpy.
The harpy claws you but does no damage. The harpy claws you!
* * * LOW HITPOINT WARNING * * *
The merfolk avatar chants its luring song.
You hear an angry growl.
Your Armour skill increases to level 13!
Okay, then.
As you read the scroll of teleportation, it crumbles to dust.
You feel strangely unstable. The harpy claws you!
* * * LOW HITPOINT WARNING * * *
The harpy claws you but does no damage. The harpy barely misses you.
You furiously retaliate!
You headbutt the harpy!
You kill the harpy!
Okawaru accepts your kill.
The merfolk avatar chants its luring song.
It was a potion of lignification.
You turn into a tree.
Your +0 cloak melds into your body.
The +0 pair of gloves "Xibezxy" {Regen+ Int+2 Dex+5} melds into your body.
Your +1 pair of boots melds into your body.
Your +2 ring mail of fire resistance melds into your body.
You feel less resistant to fire.
Your roots penetrate the ground.
You feel strangely stable. The elephant tramples you!
You die...

^...............†.......
.........................
(........................
.........................
.≈≈≈.≈≈...≈≈≈..≈.≈≈.≈≈≈≈.
##≈≈##≈≈##≈≈##≈≈≈#≈≈##≈≈≈
#≈ ##P≈≈#≈≈≈≈≈≈##≈≈# ≈P
≈≈ ≈≈≈≈≈≈.≈†.≈≈≈≈≈≈P ≈
≈≈P≈≈≈≈≈♣#≈#≈≈≈≈
≈≈#########Yh.#### ≈
≈≈≈≈≈⌠# l≈≈.≈≈# m≈≈≈≈≈#
≈###8.# [! ≈≈. ≈≈ .≈


You could see a merfolk avatar (mesmerising), an elephant, a polar bear and a
komodo dragon.

Vanquished Creatures
  Snorg (Lair:3)
  The ghost of Darubir the Archer, a journeyman CeAM of Okawaru (Lair:5)
  A catoblepas (Lair:5)
  3 hydras
  A two-headed ogre (D:10)
  A dancing weapon (Lair:5)
  3 death yaks (Lair:5)
  A sea snake (Lair:6)
  A harpy (Lair:6)
  2 bog bodies (Lair:3)
  Pikel (D:9)
  A lindwurm (Lair:5)
  A manticore (Lair:6)
  3 elephants (Lair:4)
  Joseph (D:7)
  Maurice (D:10)
  6 cane toads
  Psyche (D:8)
  3 rime drakes
  11 komodo dragons
  6 polar bears
  A troll (D:10)
  3 hornets
  9 blink frogs
  A wind drake (Lair:5)
  6 dream sheep
  27 yaks
  4 wyverns
  A steam dragon (D:7)
  Menkaure (D:4)
  A swamp worm (Lair:3)
  19 water moccasins
  Duvessa (D:4)
  A black bear (D:6)
  An orc warrior (D:7)
  A necrophage (D:8)
  3 ogres
  4 wolves (Lair:4)
  4 centaurs
  A phantom (D:5)
  A kobold brigand (D:9)
  14 bullfrogs
  2 gnoll sergeants (D:8)
  3 scorpions
  Dowan (D:4)
  2 water moccasin zombies
  4 killer bees (D:9)
  3 wights (D:7)
  An electric eel (Lair:3)
  2 vampire bats (Lair:1)
  2 howler monkeys
  A bullfrog zombie (D:5)
  5 centaur zombies
  3 hounds
  3 orc priests
  A gnoll shaman (D:4)
  5 jellies
  Crazy Yiuf (D:2)
  2 bullfrog skeletons
  3 centaur skeletons
  Natasha (thrice) (D:2)
  5 orc wizards
  Terence (D:2)
  2 killer bee zombies (D:5)
  2 howler monkey zombies (D:5)
  17 gnolls
  4 adders (D:3)
  2 river rats (D:4)
  3 shadow imps
  A white imp (D:8)
  An ufetubus (D:6)
  An adder skeleton (D:4)
  4 worms
  12 orcs
  5 ball pythons
  8 bats
  15 endoplasms
  A giant cockroach (D:4)
  12 goblins
  8 hobgoblins
  3 jackals (D:2)
  2 quokkas
  4 frilled lizards
  12 kobolds
  7 rats
333 creatures vanquished.

Vanquished Creatures (others)
  An orc (D:7)
  6 fungi
  43 plants
50 creatures vanquished.

Grand Total: 383 creatures vanquished

Notes
Turn   | Place    | Note
-------+----------+-------------------------------------------
     0 | D:1      | mcbry74 the Minotaur Fighter began the quest for the Orb.
     0 | D:1      | Reached XP level 1. HP: 19/19 MP: 0/0
   263 | D:1      | Reached XP level 2. HP: 24/26 MP: 1/1
   706 | D:1      | Found a faded altar of an unknown god.
  1031 | D:2      | Noticed Natasha
  1039 | D:2      | Killed Natasha
  1040 | D:2      | Reached XP level 3. HP: 21/31 MP: 2/2
  1062 | D:2      | Noticed Natasha
  1076 | D:2      | Killed Natasha
  1077 | D:2      | Reached XP level 4. HP: 13/39 MP: 3/3
  1289 | D:2      | Noticed Natasha
  1294 | D:2      | Killed Natasha
  1424 | D:2      | Noticed Terence
  1430 | D:2      | Killed Terence
  1431 | D:2      | Reached skill level 5 in Maces & Flails
  1566 | D:2      | Reached XP level 5. HP: 45/45 MP: 4/4
  2126 | D:2      | Found a runed translucent door.
  2127 | D:2      | Noticed Crazy Yiuf
  2133 | D:2      | Killed Crazy Yiuf
  2134 | D:2      | Reached skill level 5 in Armour
  3100 | D:3      | Reached XP level 6. HP: 51/51 MP: 5/5
  3106 | D:3      | Identified a scroll of acquirement
  3108 | D:3      | Acquired a manual of Fighting
  3448 | D:4      | Noticed Duvessa
  3468 | D:4      | Killed Duvessa
  3469 | D:4      | Reached skill level 4 in Fighting
  3646 | D:4      | Noticed Dowan
  3656 | D:4      | Killed Dowan
  3702 | D:3      | Reached skill level 5 in Fighting
  4025 | D:4      | Noticed Menkaure
  4032 | D:4      | Killed Menkaure
  4033 | D:4      | Reached XP level 7. HP: 7/61 MP: 6/6
  4186 | D:4      | Reached skill level 6 in Fighting
  4188 | D:4      | Gained mutation: You are robust. (+10% HP) [potion of
                  | mutation]
  4188 | D:4      | Gained mutation: Your flesh is heat resistant. (rF+)
                  | [potion of mutation]
  4193 | D:4      | HP: 3/69 [poisoned by a water moccasin]
  4195 | D:4      | HP: 1/69 [poisoned by a water moccasin]
  4708 | D:5      | Entered Level 5 of the Dungeon
  5091 | D:5      | Reached skill level 7 in Fighting
  5091 | D:5      | Reached XP level 8. HP: 80/80 MP: 7/7
  5156 | D:4      | Reached skill level 8 in Fighting
  5516 | D:4      | Reached skill level 10 in Maces & Flails
  5610 | D:5      | Found a basalt altar of Yredelemnul.
  5620 | D:5      | Reached skill level 9 in Fighting
  5631 | D:5      | Reached XP level 9. HP: 65/91 MP: 8/8
  6779 | D:6      | Reached skill level 10 in Fighting
  6780 | D:6      | Found a staircase to the Ecumenical Temple.
  6801 | Temple   | Entered the Ecumenical Temple
  6823 | Temple   | Became a worshipper of Warmaster Okawaru
  6893 | D:6      | Found a shimmering blue altar of Sif Muna.
  7520 | D:6      | Reached * piety under Okawaru
  7533 | D:6      | Reached skill level 11 in Fighting
  7973 | D:7      | Noticed Joseph
  7987 | D:7      | Killed Joseph
  8289 | D:7      | Found a glowing silver altar of Zin.
  8289 | D:7      | Found a snail-covered altar of Cheibriados.
  8297 | D:7      | Found a blossoming altar of Fedhas.
  8299 | D:7      | Found a sparkling altar of Nemelex Xobeh.
  8301 | D:7      | Found a radiant altar of Vehumet.
  8696 | D:7      | Reached XP level 10. HP: 57/105 MP: 6/9
  8701 | D:7      | Reached skill level 1 in Dodging
  8930 | D:8      | Noticed Psyche
  8945 | D:8      | Killed Psyche
  9040 | D:8      | Identified the +1 whip "Xenurgha" {antimagic, rN+}
  9152 | D:8      | Found a white marble altar of Elyvilon.
  9187 | D:8      | Reached skill level 12 in Fighting
  9260 | D:8      | Found a staircase to the Lair.
  9274 | D:8      | Found a stormy altar of Qazlal.
  9278 | D:8      | Reached ** piety under Okawaru
  9575 | D:9      | Noticed Pikel
  9584 | D:9      | Killed Pikel
  9585 | D:9      | Reached skill level 10 in Armour
  9773 | D:9      | Reached *** piety under Okawaru
 10047 | D:9      | Found a large runed translucent door.
 10047 | D:9      | Found a large runed translucent door.
 10084 | D:9      | Reached skill level 13 in Fighting
 10527 | D:9      | Found a glowing golden altar of the Shining One.
 10532 | D:9      | Found an ancient bone altar of Kikubaaqudgha.
 10578 | D:10     | Entered Level 10 of the Dungeon
 10695 | D:10     | Found a shimmering altar of Xom.
 10698 | D:10     | Noticed a two-headed ogre
 10707 | D:10     | Killed a two-headed ogre
 10707 | D:10     | Reached **** piety under Okawaru
 10708 | D:10     | Reached skill level 1 in Axes
 10708 | D:10     | Reached XP level 11. HP: 73/117 MP: 7/10
 10949 | D:10     | Reached skill level 1 in Invocations
 10949 | D:10     | Reached skill level 1 in Evocations
 10964 | D:10     | Noticed Maurice
 10973 | D:10     | Killed Maurice
 11080 | Lair:1   | Entered Level 1 of the Lair of Beasts
 11336 | Lair:1   | Reached skill level 5 in Dodging
 11523 | Lair:1   | Reached skill level 14 in Fighting
 11836 | Lair:1   | Noticed a four-headed hydra
 11844 | Lair:1   | Killed a four-headed hydra
 12274 | Lair:2   | Reached ***** piety under Okawaru
 12555 | Lair:2   | Received a gift from Okawaru
 13399 | Lair:3   | Noticed Snorg
 13400 | Lair:3   | Found a staircase to the Snake Pit.
 13413 | Lair:3   | Killed Snorg
 13650 | Lair:3   | Reached skill level 5 in Axes
 13650 | Lair:3   | Reached XP level 12. HP: 118/129 MP: 13/13
 14057 | Lair:3   | Reached skill level 15 in Fighting
 14790 | Lair:3   | Found a staircase to the Swamp.
 15160 | Lair:4   | Identified the +0 pair of gloves "Xibezxy" {Regen+ Int+2
                  | Dex+5}
 15188 | Lair:4   | Noticed a six-headed hydra
 15198 | Lair:4   | Killed a six-headed hydra
 15511 | Lair:4   | Noticed a four-headed hydra
 15518 | Lair:4   | Killed a four-headed hydra
 15752 | Lair:4   | Reached skill level 5 in Invocations
 16149 | Lair:4   | Found a transporter.
 16150 | Lair:4   | Found a transporter.
 16152 | Lair:4   | Noticed a boulder beetle
 16152 | Lair:4   | Noticed a boulder beetle
 16152 | Lair:4   | Noticed a boulder beetle
 16553 | Lair:5   | Found a runed translucent door.
 16553 | Lair:5   | Found a shimmering altar of Xom.
 16553 | Lair:5   | Noticed Darubir's ghost (journeyman CeAM)
 16553 | Lair:5   | Identified the +7 war axe of Grandeur {chaos, rF+ rCorr}
 16717 | Lair:5   | Found a staircase to the Slime Pits.
 16791 | Lair:5   | Noticed a death yak
 16808 | Lair:5   | Killed a death yak
 16808 | Lair:5   | Received a gift from Okawaru
 16992 | Lair:5   | Noticed a catoblepas
 17011 | Lair:5   | Killed a catoblepas
 17012 | Lair:5   | Reached skill level 5 in Evocations
 17012 | Lair:5   | Reached XP level 13. HP: 108/140 MP: 16/16
 17638 | Lair:5   | Killed Darubir's ghost
 17968 | Lair:6   | Entered Level 6 of the Lair of Beasts
 18132 | Lair:6   | HP: 2/140 [harpy (12)]
 18133 | Lair:6   | Mangled by an elephant

Illustrated notes

Levels and vault maps discovered:
D:1:      dpeg_arrival_water_temple_mockup, layout_basic,
          shapermc_ecumenical_altar_petra
D:2:      layout_basic, uniq_crazy_yiuf_cottage, uniq_natasha, uniq_terence
D:3:      layout_loops_corners
D:4:      layout_basic, portal_sewer_entry_e, kennysheep_decorative_pillar,
          minmay_misc_feat_tiny, uniq_menkaure, uniq_duvessa
D:5:      layout_basic, nicolae_yredelemnul_corpse_copse
D:6:      kb_forest_paths, layout_loops_ring, nicolae_sif_muna_condensation,
          minmay_temple_entry_antechambers
D:7:      layout_basic, chequers_temple_overflow_minitemple, uniq_joseph
D:8:      layout_cave_pools, mainiacjoe_overflow_small_starburst,
          mainiacjoe_overflow_alcove_4, lair_entry_dummy, uniq_psyche
D:9:      nicolae_BIG_FREAKIN_CUBE, layout_rooms, jmf_multi_god_temple2,
          dk_rats_in_the_wall, uniq_pikel
D:10:     layout_layer_cave, xom_teletrap_fun, serial_bayou_pond_b, uniq_sonja,
          uniq_maggie, uniq_maurice, uniq_erica
Temple:   dpeg_chambers_temple
Lair:1:   layout_chaotic_city, serial_forest, infiniplex_forest_straight_4,
          infiniplex_forest_end_double, infiniplex_forest_zigzag_1,
          infiniplex_forest_clump_large, infiniplex_forest_clump_small,
          infiniplex_forest_clump_curved, infiniplex_forest_clump_long,
          infiniplex_forest_lined_2, hangedman_lair_unloving_vines,
          roderic_batcave, beast_lair_carwin_9
Lair:2:   layout_cave_pods, cheibrodos_lair_lostbears, serial_bayou_shore_b,
          lemuel_fruit_tree, lemuel_fruit_fields
Lair:3:   layout_cave_pods, nicolae_swamp_entry_splash_gauntlet,
          dummy_snake_entry, grunt_megastairs_3, lemuel_fruit_fields,
          infiniplex_staircase_pool, uniq_snorg
Lair:4:   gammafunk_boulding_lane, layout_cave_pods, minmay_stone_trees_small,
          serial_bayou_shore_a
Lair:5:   layout_cave_pods, nicolae_slime_entry_slimehenge, ebering_ghost_xom,
          nicolae_quartered_pool_super, st_stairs_8
Lair:6:   gammafunk_lair_ancient_temple, layout_hall_layers

Skill      XL: |  1  2  3  4  5  6  7  8  9 10 11 12 13 |
---------------+----------------------------------------+-----
Maces & Flails | 3 4 5 6 7 8 10 12 14 | 14.2
Armour         | 4 5 6 8 9 10 11 12 13 | 13.0
Fighting       | 5 7 9 11 13 14 15 | 15.8
Dodging        | 4 6 7 8 |  8.3
Axes           | 1 5 8 9 |  9.7
Invocations    | 3 5 6 |  6.2
Evocations     | 3 5 |  5.6
Shields        | |  3.6

Action                   |  1- 3 |  4- 6 |  7- 9 | 10-12 | 13-15 || total
-------------------------+-------+-------+-------+-------+-------++-------
Melee: Flail             |    51 |   142 |   258 |   533 |    42 ||  1026
       Headbutt          |     7 |    21 |    48 |   132 |    25 ||   233
       Broad axe         |       |       |       |    20 |       ||    20
       War axe           |       |       |       |       |    41 ||    41
Throw: Stone             |       |     1 |     6 |       |       ||     7
       Boomerang         |       |       |       |    16 |     4 ||    20
Invok: Heroism           |       |       |     1 |     7 |     1 ||     9
       Finesse           |       |       |       |     2 |     2 ||     4
  Use: Scroll            |       |     6 |     5 |     6 |     1 ||    18
       Potion            |       |     1 |     5 |       |     3 ||     9
Armor: Scale mail        |    14 |    53 |    64 |       |       ||   131
       Ring mail         |       |       |    16 |   160 |    28 ||   204
Dodge: Dodged            |    23 |    57 |   154 |   215 |    40 ||   489
Block: Buckler           |     7 |    29 |    43 |    91 |    12 ||   182
       Reflection        |       |       |       |       |     1 ||     1
